 Dungeon Crawl Stone Soup version 0.31-a0-210-gccc998df9b (webtiles) character file.

Game seed: 17837936474226400037

45 qw the Shooter (level 3, -3/29 HPs)
             Began as a Minotaur Hexslinger on June 30, 2023.
             Killed from afar by an orc wizard (9 damage)
             ... with a magic dart
             ... on level 3 of the Dungeon.
             The game lasted 00:00:30 (1125 turns).

qw the Shooter (Minotaur Hexslinger)                Turns: 1125, Time: 00:00:30

Health: -3/29      AC:  5    Str: 12    XL:     3   Next: 42%
Magic:  3/3        EV: 11    Int: 10    God:
Gold:   108        SH:  0    Dex: 14    Spells: 3/4 levels left

rFire   . . .        Y - +1 sling
rCold   . . .        (no shield)
rNeg    . . .        i - +0 ring mail
rPois   .            (helmet restricted)
rElec   .            (no cloak)
rCorr   .            (no gloves)
SInv    .            (no boots)
Will    +....        h - amulet of faith
Stlth   +            f - ring of willpower
HPRegen 0.24/turn    (no ring)
MPRegen 0.08/turn

%: faith
@: no status effects
A: horns 2, retaliatory headbutt
a: no special abilities


You were on level 3 of the Dungeon.
You visited 1 branch of the dungeon, and saw 3 of its levels.

You collected 108 gold pieces.


Innate Abilities, Weirdness & Mutations

You have a pair of horns on your head.
You reflexively headbutt those who attack you in melee.


   Skills:
 - Level 2.0 Fighting
 - Level 4.0 Ranged Weapons
 + Level 0.2 Armour
 - Level 2.1 Dodging
 - Level 1.0 Spellcasting
 - Level 2.0 Hexes


You had 3 spell levels left.
You knew the following spells:

 Your Spells              Type           Power      Damage    Failure   Level
a - Slow                  Hex            16%        N/A       34%         1

Your spell library contained the following spells:

 Spells                   Type           Power      Damage    Failure   Level
 Inner Flame              Hex/Fire       2%         N/A       83%         3
 Portal Projectile        Hex/Tloc       4%         N/A       83%         3
 Cause Fear               Hex            2%         N/A       98%         4

Inventory:

Hand Weapons
 Y - a +1 sling (weapon)
Armour
 i - a +0 ring mail (worn)
Jewellery
 f - a ring of willpower (left hand)
 h - an amulet of faith (around neck)
Scrolls
 g - a scroll of identify
Potions
 j - a potion of mutation {unknown}

Dungeon Overview and Level Annotations

Branches:
Dungeon (2/15)

Altars:


Message History

Something hits you but does no damage. Something barely misses you.
You shoot a sling bullet. Something hits you but does no damage.
You shoot a sling bullet. The sling bullet barely misses the orc.
Something hits you.
You shoot a sling bullet. The sling bullet hits the orc.
The orc is heavily wounded.
Something hits you but does no damage. The orc hits you but does no damage.
Something hits you but does no damage. The orc closely misses you.
You furiously retaliate!
You headbutt the orc.
You kill the orc!
You shoot a sling bullet. Something hits you but does no damage.
You shoot a sling bullet. Something hits you but does no damage.
You shoot a sling bullet.
You hear some strange, mumbled words.
You are confused.
An orc comes into view. It is wielding a +0 trident.
You hear some strange, mumbled words.
A puff of flame appears from out of thin air!
The puff of flame hits you. Something hits you but does no damage.
Something hits you. The orc completely misses you.
Something hits you but does no damage. The orc hits you but does no damage.
Something hits you but does no damage.
The orc hits you from afar with a +0 trident.
Something hits you but does no damage.
The orc hits you from afar with a +0 trident.
Something completely misses you.
The orc hits you from afar with a +0 trident.
You feel less confused. Something hits you but does no damage.
The orc hits you from afar with a +0 trident!
You shoot a sling bullet. The sling bullet hits the orc.
The orc is moderately wounded.
You hear some strange, mumbled words.
A magic dart appears from out of thin air!
The magic dart hits you!
You die...

####### #.....#
#.....# #.....#
#....@#
#....){o)....
#........##....
#.#####..# #. #
#..# #..# #..#
....


You could see an orc.

Vanquished Creatures
  2 dart slugs (D:2)
  2 orcs (D:3)
  3 ball pythons
  3 bats
  An endoplasm (D:1)
  4 giant cockroaches
  6 goblins
  4 hobgoblins
  4 kobolds
  3 quokkas
  A frilled lizard (D:1)
33 creatures vanquished.

Notes
Turn   | Place    | Note
-------+----------+-------------------------------------------
     0 | D:1      | qw the Minotaur Hexslinger began the quest for the Orb.
     0 | D:1      | Reached XP level 1. HP: 16/16 MP: 1/1
     0 | D:1      | 0 ||| qw: Version: 0.3-a-26-gee661ec
     0 | D:1      | 0 ||| qw: Game counter: 7295
     0 | D:1      | 0 ||| qw: Melee chars always use a shield: true
     0 | D:1      | 0 ||| qw: God list: Okawaru
     0 | D:1      | 0 ||| qw: Allow faded altars: false
     0 | D:1      | 0 ||| qw: Do Orc after clearing Dungeon:15 true
     0 | D:1      | 0 ||| qw: Do second Lair branch before Depths: true
     0 | D:1      | 0 ||| qw: Lair rune preference: random
     0 | D:1      | 0 ||| qw: Goals: Normal
     0 | D:1      | 0 ||| PLANNING D:1-11
    71 | D:1      | Reached skill level 3 in Ranged Weapons
    71 | D:1      | Reached XP level 2. HP: 21/23 MP: 2/2
   625 | D:1      | 625 ||| UPGRADING to +0 ring mail.
   635 | D:1      | 635 ||| DROPPING +0 robe.
   636 | D:1      | 636 ||| UPGRADING to amulet of faith.
   641 | D:1      | 641 ||| DROPPING +6 ring of intelligence.
   642 | D:1      | 642 ||| UPGRADING to ring of willpower.
   643 | D:1      | 643 ||| READING scroll labelled VOLLIO OP TOWOJON.
   744 | D:1      | 744 ||| READING 2 scrolls labelled TEFRIU FAUNU.
   745 | D:1      | 745 ||| DROPPING scroll of poison.
   860 | D:2      | Reached XP level 3. HP: 25/29 MP: 3/3
  1072 | D:2      | 1072 ||| STAIRDANCE
  1090 | D:1      | 1090 ||| READING scroll labelled ENOPOW BI ZAS.
  1091 | D:1      | 1091 ||| READING scroll labelled JIEFOD SYSIZA.
  1092 | D:1      | 1092 ||| READING scroll labelled QATTES RUANON.
  1093 | D:1      | 1093 ||| READING 3 scrolls of identify.
  1093 | D:1      | 1093 ||| IDENTIFYING purple potion
  1094 | D:1      | 1094 ||| READING 2 scrolls of identify.
  1094 | D:1      | 1094 ||| IDENTIFYING bubbling black potion
  1095 | D:1      | 1095 ||| DROPPING potion of attraction.
  1096 | D:1      | 1096 ||| DROPPING potion of berserk rage.
  1104 | D:2      | You fall into a shaft and drop 1 floor!
  1111 | D:3      | Reached skill level 4 in Ranged Weapons
  1124 | D:3      | HP: 5/29 [orc/+0 trident (7)]
  1125 | D:3      | Killed from afar by an orc wizard

Levels and vault maps discovered:
D:1:      co_arrival_hall_of_pillars, layout_basic, minmay_3d_cube
D:2:      layout_rooms, moated_statue
D:3:      layout_basic, uniq_terence

Skill      XL: |  1  2  3 |
---------------+----------+-----
Ranged Weapons | 3 4 |  4.0
Fighting       | 2 |  2.0
Armour         | |  0.2
Dodging        | |  2.1
Spellcasting   | |  1.0
Hexes          | |  2.0

Action                     || total
---------------------------++-------
   Fire: Sling             ||   101
    Use: Scroll            ||     7
 Armour: Robe              ||     5
         Ring mail         ||    20
  Dodge: Dodged            ||    24

Table legend:
 A = Non-vault XP
 B = Vault XP
 C = Vault XP percentage of total XP
 D = Non-vault monster count
 E = Vault monster count
 F = Vault count percentage of total count
                 A         B        C        D         E       F
            +---------+---------+-------+---------+---------+-------
      Total |      59 |       6 |   9.2 |      29 |       4 |  12.1
            +---------+---------+-------+---------+---------+-------
        D:1 |      32 |       6 |  15.8 |      17 |       4 |  19.0
        D:2 |      21 |       0 |   0.0 |      10 |       0 |   0.0
        D:3 |       6 |       0 |   0.0 |       2 |       0 |   0.0
            +---------+---------+-------+---------+---------+-------
